 Dungeon Crawl Stone Soup version 0.29-a0-925-g0a7a3d12f8 (webtiles) character file.

Game seed: 6671555844404436300

6405 Garessta the Thaumaturge (level 10, -5/63 HPs)
             Began as an Octopode Summoner on July 29, 2022.
             Was an Initiate of Gozag.
             Killed from afar by an electric eel (13 damage)
             ... with a bolt of electricity
             ... on level 8 of the Dungeon.
             The game lasted 00:33:16 (10888 turns).

Garessta the Thaumaturge (Octopode Summoner)       Turns: 10888, Time: 00:33:17

Health: -5/63      AC:  1    Str:  7    XL:     10   Next: 98%
Magic:  16/22      EV: 16    Int: 32    God:    Gozag
Gold:   113        SH:  5    Dex: 23    Spells: 12/26 levels left

rFire   . . .      SeeInvis .   r - +3 mace of Siownova {vorpal, +Blink rC+ rCorr Int+4}
rCold   + . .      Faith    .   (no shield)
rNeg    . . .      Spirit   .   (helmet restricted)
rPois   +          Reflect  +   I - amulet of reflection
rElec   .          Harm     .   m - +6 ring of dexterity
rCorr   +          Rampage  .   o - ring of poison resistance
Will    .....                   t - ring of flight
Stlth   +++++.....              y - ring of resist corrosion
HPRegen 0.20/turn               J - ring "Qodgharu" {rCorr Int+6 Dex+4 Stlth+}
MPRegen 0.18/turn               (no ring)
                                (no ring)
                                (no ring)

@: flying
A: almost no armour, amphibious, 8 rings, camouflage 1, gelatinous body 1,
(nimble swimmer 1), tentacles
a: Renounce Religion, Evoke Blink, Potion Petition, Call Merchant, Bribe Branch


You were on level 8 of the Dungeon.
You worshipped Gozag.
Gozag was aware of your devotion.
You visited 2 branches of the dungeon, and saw 9 of its levels.

You collected 893 gold pieces.
You spent 619 gold pieces at shops.
You paid 161 gold pieces to Gozag.

Inventory:

Hand Weapons
 r - the +3 mace of Siownova (weapon) {vorpal, +Blink rC+ rCorr Int+4}
   (You took it off an orc on level 5 of the Dungeon)

   It inflicts extra damage upon your enemies.
   Int:       It affects your intelligence (+4).
   rC:        It protects you from cold.
   +Blink:    It lets you blink.
   rCorr:     It protects you from acid and corrosion.
Jewellery
 m - a +6 ring of dexterity (left tentacle)
 o - a ring of poison resistance (right tentacle)
 t - a ring of flight (on tentacle)
 y - a ring of resist corrosion (on tentacle)
 I - an amulet of reflection (around mantle)
 J - the ring "Qodgharu" (on tentacle) {rCorr Int+6 Dex+4 Stlth+}
   (You bought it in a shop on level 1 of the Dungeon)

   [ring of intelligence]

   Int:       It affects your intelligence (+6).
   Dex:       It affects your dexterity (+4).
   rCorr:     It protects you from acid and corrosion.
   Stlth:     It makes you more stealthy.
Wands
 v - a wand of roots (12)
 w - a wand of paralysis (6)
 z - a wand of acid (12)
 F - a wand of polymorph (9)
Scrolls
 b - 2 scrolls of fear {unknown}
 f - 2 scrolls of immolation
 i - a scroll of enchant weapon
 j - 6 scrolls of teleportation
 k - a scroll of enchant armour
 l - 2 scrolls of fog
 q - a scroll of blinking {unknown}
 u - 2 scrolls of poison
 x - a scroll of brand weapon
 A - a scroll of acquirement {unknown}
 C - a scroll of magic mapping {unknown}
 D - a scroll of noise {unknown}
 G - a scroll of amnesia
Potions
 a - 4 potions of magic
 c - 5 potions of curing
 d - 2 potions of berserk rage
 e - a potion of flight {unknown}
 g - 3 potions of attraction {unknown}
 h - 2 potions of resistance {unknown}
 n - a potion of cancellation {unknown}
 p - 2 potions of heal wounds {unknown}
 s - 2 potions of ambrosia {unknown}
 B - 4 potions of brilliance {unknown}
 E - a potion of mutation {unknown}
 H - 2 potions of might {unknown}


   Skills:
 + Level 3.5 Fighting
 + Level 4.2 Dodging
 - Level 2.6 Stealth
 + Level 8.8 Spellcasting
 - Level 3.5 Hexes
 - Level 7.9 Summonings
 - Level 3.2 Translocations
 + Level 3.4 Transmutations
 + Level 7.9 Air Magic


You had 12 spell levels left.
You knew the following spells:

 Your Spells              Type           Power      Damage    Failure   Level
a - Call Canine Familiar  Summ           60%        N/A       1%          3
b - Summon Guardian Gole  Hex/Summ       50%        N/A       1%          3
c - Summon Lightning Spi  Summ/Air       60%        N/A       1%          4
d - Call Imp              Summ           60%        N/A       1%          2
p - Blink                 Tloc           68%        N/A       1%          2

Your spell library contained the following spells:

 Spells                   Type           Power      Damage    Failure   Level
 Summon Small Mammal      Summ           100%       N/A       1%          1
 Static Discharge         Conj/Air       39%        3-8/arc   1%          2
 Ensorcelled Hibernation  Hex/Ice        50%        N/A       2%          2
 Lesser Beckoning         Tloc           34%        N/A       2%          3
 Spider Form              Tmut/Pois      25%        N/A       4%          3
 Ignite Poison            Fire/Tmut/Pois 21%        N/A       6%          3
 Conjure Flame            Conj/Fire      14%        6-21      11%         3
 Anguish                  Hex/Necr       12%        N/A       17%         4
 Manifold Assault         Tloc           34%        N/A       26%         5
 Dispel Undead            Necr           14%        3d10      34%         4
 Sticky Flame             Conj/Fire      14%        2d4       34%         4
 Storm Form               Tmut/Air       25%        N/A       96%         7


Dungeon Overview and Level Annotations

Branches:
Dungeon (8/15)             Temple (1/1) D:7            Lair (0/5) D:8

Altars:
Ashenzari
Cheibriados
Dithmenos
Elyvilon
Fedhas
Gozag
Hepliaklqana
Kikubaaqudgha
Makhleb
Nemelex Xobeh
Okawaru
Qazlal
Ru
Sif Muna
Trog
Uskayaw
Wu Jian
Xom
Yredelemnul
Zin
The Shining One

Shops:
D:1 *   D:2 !*(   D:5 ??(?(

Annotations:
D:3 dig vault


Innate Abilities, Weirdness & Mutations

You cannot wear most types of armour.
You are amphibious.
You can wear up to eight rings at the same time.
Your skin changes colour to match your surroundings (Stealth+).
Your rubbery body absorbs attacks. (AC +1, EV +1)
((You are camouflaged when in or above water. (Stealth+)))
You have tentacles for arms and can constrict up to eight enemies at once.


Message History

What are your orders? t - Shout!
Orders for allies: a - Attack new target. r - Retreat! s - Stop attacking. g - Guard the area. f - Follow me.
Anything else - Cancel.
Gang up on whom?
Press: ? - help, Dir - move target, f - gnoll bouda
Aim: a gnoll bouda, wielding a +0 club and wearing a +0 leather armour (not watching you) Attack!
The gnoll bouda barely misses your wolf.
Your guardian golem disappears in a puff of smoke!
Your wolf bites the gnoll bouda!
Your wolf closely misses the gnoll bouda.
Your wolf bites the gnoll bouda.
Your wolf disappears in a puff of smoke!
You block the gnoll's attack.
The gnoll bouda hits you with a +0 club.
Okay, then.
You blink.
A gnoll comes into view. It is wielding a +0 spear.
The gnoll shouts!
The gnoll is no longer moving quickly.
You block the gnoll's attack.
The electric eel shoots out a bolt of lightning at you!
The bolt of electricity hits the gnoll.
The bolt of electricity hits you!
* * * LOW HITPOINT WARNING * * *
Okay, then.
Okay, then.
As you read the scroll labelled EWELOJ ZUIME, it crumbles to dust.
The creatures around you are filled with an inner flame!
It was a scroll of immolation.
You feel stable enough to blink again. The gnoll closely misses you.
The gnoll bouda hits you with a +0 club.
* * * LOW HITPOINT WARNING * * *
The electric eel shoots out a bolt of lightning at you!
The bolt of electricity misses the gnoll.
The bolt of electricity hits you!
You die...
Your body crumbles into a pile of gold.

### ... ##.## .... #...#
#.... #...######
##...####.....#.##
#....#.#.........##
#....#.......h.g..#
.........).).<.g@## ##
#.......((#####g###.#
##.........###......##
###.....###.).#.>.....###
.##.....................#
................g........
.##...##.....≈.≈.≈≈......
.###........≈≈.≈.≈S≈.....
.###......≈.≈≈.≈.≈≈≈.≈...


You could see a gnoll bouda (inner flame, ally target), an electric eel (inner
flame), 3 gnolls and a friendly warg (summoned, inner flame).

Vanquished Creatures
  A howler monkey (D:4)
  2 hounds
  3 dart slugs (D:1)
  An orc (D:4)
  4 ball pythons
  2 endoplasms
  3 goblins
  A hobgoblin (D:1)
  3 kobolds (D:1)
  A quokka (D:2)
  3 bats
  3 frilled lizards
  3 rats
30 creatures vanquished.

Vanquished Creatures (collateral kills)
  2 slime creatures (D:8)
  Sigmund (D:4)
  Menkaure (D:7)
  2 water moccasins (D:7)
  An ice beast (D:7)
  A black bear (D:8)
  A sky beast (D:8)
  2 wolves (D:8)
  A centaur (D:8)
  2 phantoms
  A kobold brigand (D:8)
  4 bullfrogs (D:7)
  A necrophage (D:4)
  7 killer bees
  A howler monkey (D:5)
  An electric eel (D:8)
  3 orc priests
  5 hounds
  4 jellies
  Ijyb (D:3)
  3 iguanas
  Natasha (D:2)
  4 orc wizards
  9 adders
  11 gnolls
  A white imp (D:6)
  A worm (D:4)
  13 orcs
  An endoplasm (D:4)
  3 jackals (D:3)
  2 quokkas
  2 ball pythons
  2 frilled lizards
  5 goblins
  8 kobolds
108 creatures vanquished.

Vanquished Creatures (others)
  A centaur warrior (D:8)
  Pikel (D:4)
  Maggie (D:7)
  A troll (D:8)
  2 slime creatures (D:8)
  Edmund (D:6)
  Duvessa (D:4)
  An ice beast (D:5)
  A wolf (D:8)
  A centaur (D:5)
  A kobold brigand (D:6)
  A bullfrog (D:6)
  5 wights (D:7)
  Dowan (D:4)
  2 killer bees (D:7)
  Crazy Yiuf (D:2)
  5 gnolls (D:5)
  3 orcs
  4 kobolds
34 creatures vanquished.

Grand Total: 172 creatures vanquished

Notes
Turn   | Place    | Note
-------+----------+-------------------------------------------
     0 | D:1      | Garessta the Octopode Summoner began the quest for the Orb.
     0 | D:1      | Reached XP level 1. HP: 11/11 MP: 3/3
   262 | D:1      | Reached XP level 2. HP: 17/17 MP: 1/5
   274 | D:1      | Learned a level 2 spell: Call Imp
   373 | D:1      | Found a faded altar of an unknown god.
   559 | D:1      | Found Onokioq's Assorted Antiques.
   792 | D:1      | Reached XP level 3. HP: 14/21 MP: 3/6
  1287 | D:2      | Noticed Natasha
  1300 | D:1      | Learned a level 3 spell: Call Canine Familiar
  1504 | D:2      | Found Moafiaso's General Store.
  1512 | D:2      | Bought a scroll of identify for 28 gold pieces
  1526 | D:2      | Found Liedifiv's Weapon Shoppe.
  1648 | D:2      | Found a runed translucent door.
  1649 | D:2      | Noticed Crazy Yiuf
  1764 | D:2      | Killed Natasha
  1765 | D:2      | Reached skill level 3 in Spellcasting
  1765 | D:2      | Reached XP level 4. HP: 27/27 MP: 2/8
  1769 | D:2      | Learned a level 3 spell: Summon Guardian Golem
  1845 | D:2      | Found Juesuh's Distillery.
  1854 | D:2      | Bought a potion of degeneration for 14 gold pieces
  2368 | D:3      | Noticed a centaur
  2380 | D:3      | Reached skill level 5 in Summonings
  2777 | D:3      | Noticed Ijyb
  3123 | D:2      | Killed Crazy Yiuf
  3124 | D:2      | Reached skill level 1 in Hexes
  3124 | D:2      | Reached XP level 5. HP: 31/31 MP: 1/10
  3222 | D:2      | Learned a level 2 spell: Blink
  3298 | D:4      | Noticed Pikel
  3298 | D:4      | Noticed a lemure
  3493 | D:4      | Reached skill level 1 in Translocations
  3530 | D:4      | Noticed Duvessa
  3530 | D:4      | Noticed Dowan
  3561 | D:4      | Killed Dowan
  3561 | D:4      | Killed Duvessa
  3562 | D:4      | Reached skill level 4 in Spellcasting
  3562 | D:4      | Reached XP level 6. HP: 36/36 MP: 6/12
  3593 | D:4      | Killed Pikel
  3594 | D:4      | Reached XP level 7. HP: 41/41 MP: 2/14
  3599 | D:4      | Learned a level 4 spell: Summon Lightning Spire
  3854 | D:4      | Reached XP level 8. HP: 46/46 MP: 15/15
  3861 | D:4      | Noticed Sigmund
  3894 | D:4      | Killed Sigmund
  3895 | D:4      | Reached skill level 5 in Spellcasting
  3895 | D:4      | Reached skill level 1 in Air Magic
  3994 | D:4      | Found a bloodstained altar of Trog.
  3996 | D:4      | Found a sacrificial altar of Ru.
  4511 | D:5      | Entered Level 5 of the Dungeon
  4522 | D:5      | Found Woimo's Magic Scroll Shop.
  5048 | D:5      | Found Ryjieha's Weapon Emporium.
  5247 | D:5      | Identified the +3 mace of Siownova {vorpal, +Blink rC+
                  | rCorr Int+4}
  5498 | D:5      | Found Dunyll's Antique Weapon Emporium.
  5694 | D:5      | Found Cafoapt's Magic Scroll Boutique.
  5995 | D:5      | Found Ykhoff's Magic Scroll Shop.
  6067 | D:5      | Reached skill level 6 in Spellcasting
  6117 | D:5      | Reached XP level 9. HP: 51/51 MP: 18/18
  6751 | D:6      | Noticed Edmund
  6766 | D:6      | Killed Edmund
  7152 | D:7      | Found a staircase to the Ecumenical Temple.
  7161 | Temple   | Entered the Ecumenical Temple
  7383 | Temple   | Became a worshipper of Gozag Ym Sagoz the Greedy
  7535 | D:3      | Killed Ijyb
  7741 | D:1      | Bought 2 fizzy coppery potions for 57 gold pieces
  7741 | D:1      | Bought a scroll labelled XIULAN IMAZI for 32 gold pieces
  7741 | D:1      | Bought a scroll labelled QOPIWA OROIFA for 32 gold pieces
  7824 | D:5      | Bought a scroll of fog for 40 gold pieces
  8026 | D:7      | Reached skill level 5 in Air Magic
  8079 | D:7      | Noticed Maggie
  8094 | D:7      | Killed Maggie
  8095 | D:7      | Reached skill level 7 in Spellcasting
  8318 | D:7      | Found a hazy altar of Hepliaklqana.
  8318 | D:7      | Found an ancient bone altar of Kikubaaqudgha.
  8320 | D:7      | Found an ornate altar of the Wu Jian Council.
  8378 | D:7      | Found an iron altar of Okawaru.
  8657 | D:7      | Reached XP level 10. HP: 45/56 MP: 15/21
  8766 | D:7      | Reached skill level 8 in Spellcasting
  8950 | D:7      | Found a white marble altar of Elyvilon.
  9041 | D:7      | Noticed Menkaure
  9049 | D:7      | Killed Menkaure
  9050 | D:7      | Reached skill level 1 in Fighting
  9343 | D:8      | Reached skill level 1 in Transmutations
  9427 | D:8      | Noticed a centaur warrior
 10140 | D:8      | Killed a centaur warrior
 10548 | D:8      | Found a staircase to the Lair.
 10716 | D:1      | Bought a tiny silver amulet for 160 gold pieces
 10716 | D:1      | Bought a scroll of teleportation for 96 gold pieces
 10716 | D:1      | Bought a brightly glowing ivory ring for 160 gold pieces
 10716 | D:1      | Identified the ring "Qodgharu" {rCorr Int+6 Dex+4 Stlth+}
                  | (You bought it in a shop on level 1 of the Dungeon)
 10888 | D:8      | Killed from afar by an electric eel

Illustrated notes

Levels and vault maps discovered:
D:1:      lightli_arrival_flooded_house, layout_basic, serial_shops, shop,
          dreamdust_ecumenical_altar_statues
D:2:      layout_basic, serial_shops, nicolae_shop_crystal,
          nicolae_shop_statue_plus, shop, uniq_crazy_yiuf_cottage, uniq_natasha
D:3:      layout_loops_cross, lightli_corner_chamber, uniq_ijyb
D:4:      layout_loops_ring, grunt_temple_overflow_open, hangedman_glass_teeth,
          uniq_sigmund, uniq_duvessa, uniq_pikel
D:5:      layout_basic, serial_shops, shop_statue, nicolae_shop_window_shopping,
          nicolae_shop_stone, nicolae_shop_bloodbath_and_beyond, shop,
          minmay_misc_feat_rugged, hangedman_abyss_or_decor_stagger
D:6:      layout_rooms, uniq_edmund
D:7:      layout_loops_ring, elyvilon_altar_3,
          nicolae_overflow_quartered_altars, minmay_temple_entry_sparse_star,
          serial_aquarium, aquarium_bridge_straight [aquarium_subvault_bridge,
          aquarium_subvault_window, aquarium_subvault_bridge,
          aquarium_subvault_window], aquarium_bridge_long_separate
          [aquarium_subvault_wall, aquarium_subvault_bridge,
          aquarium_subvault_wall, aquarium_subvault_window,
          aquarium_subvault_window, aquarium_subvault_bridge],
          aquarium_window_corner, aquarium_window_double, aquarium_window_1,
          aquarium_view_2c, aquarium_view_2b, aquarium_pool_2, uniq_maggie,
          uniq_menkaure
D:8:      layout_cave_pools, vehumet_crystals, erik_lair_island
Temple:   dpeg_chambers_temple

Skill      XL: |  1  2  3  4  5  6  7  8  9 10 |
---------------+-------------------------------+-----
Spellcasting   | 3 4 6 7 8 |  8.8
Summonings     | 5 6 7 |  7.9
Hexes          | 1 2 3 |  3.5
Translocations | 1 3 |  3.2
Air Magic      | 3 6 7 |  7.9
Fighting       | 3 |  3.5
Transmutations | 3 |  3.4
Dodging        | 4 |  4.2
Stealth        | |  2.6

Action                   |  1- 3 |  4- 6 |  7- 9 | 10-12 || total
-------------------------+-------+-------+-------+-------++-------
Melee: Dagger            |    33 |    18 |     2 |       ||    53
       Constrict         |    10 |     7 |       |     3 ||    20
       Tentacles         |     9 |     3 |       |     2 ||    14
       Punch             |       |       |     1 |       ||     1
       Mace              |       |       |       |    11 ||    11
 Cast: Summon Small Mamm |    14 |       |       |       ||    14
       Call Imp          |     9 |     1 |     2 |       ||    12
       Call Canine Famil |     2 |    12 |    33 |    23 ||    70
       Summon Guardian G |       |     7 |    33 |    20 ||    60
       Summon Lightning  |       |       |     8 |    17 ||    25
       Blink             |       |       |       |     2 ||     2
  Use: Scroll            |     1 |     4 |     4 |     1 ||    10
 Stab: Sleeping          |     3 |     5 |     1 |       ||     9
       Distracted        |       |       |       |     1 ||     1
Armor: Skin              |       |     1 |     1 |       ||     2
Dodge: Dodged            |    26 |    10 |    15 |    26 ||    77
Block: Other             |       |       |       |     2 ||     2

Table legend: (Time is in decaauts)
 A = Elapsed time spent in this place.
 B = Non-inter-level travel time spent in this place.
 C = Inter-level travel time spent in this place.
 D = Time resting spent in this place.
 E = Time spent auto-exploring this place.
 F = Levels seen in this place.
 G = Mean time per level.
                   A        B        C        D        E       F      G
               +--------+--------+--------+--------+--------+-----+--------+
         Total |  10905 |   9734 |   1171 |   1070 |   6710 |   9 | 1211.7 |
       Dungeon |  10656 |   9528 |   1128 |   1070 |   6518 |   8 | 1332.0 |
        Temple |    249 |    206 |     43 |      0 |    192 |   1 |  249.0 |
               +--------+--------+--------+--------+--------+-----+--------+

Top non-repeatable levels by time:
     D:5: 2138 daAuts
     D:7: 1937 daAuts
     D:1: 1375 daAuts
     D:3: 1233 daAuts
     D:4: 1222 daAuts
     D:2: 1128 daAuts
     D:6: 821 daAuts
     D:8: 799 daAuts
  Temple: 249 daAuts
